MLB
ST. LOUIS CARDINALS @ NEW YORK METS
06/10/2020
 
TOP OF THE 1ST
St. Louis Cardinals batting - Pitching for New York Mets : RHP Marcus Stroman
Pitching: RHP Marcus Stroman
Batting: LHB Kolten Wong 0-0: Ground out 6-3 (Groundball, 6M, EV 82.5 MPH)
Batting: LHB Matt Carpenter 0-0: DOUBLE (Line Drive, 8RXD, EV 106.9 MPH)
Batting: RHB Paul Goldschmidt 0-0: Foul Ball, location: 2F
0-1: Swinging Strike
0-2: Strikes out swinging
Batting: LHB Brad Miller 0-0: Called Strike
0-1: Ball
1-1: SINGLE (Groundball, 56D, EV 110.6 MPH)
Matt Carpenter to third
Runner from 3rd tries for Home, SAFE, throw by LF to home
Batting: RHB Paul DeJong 0-0: SINGLE (Groundball, 6MD, EV 97.5 MPH)
Brad Miller to second
Batting: RHB Harrison Bader 0-0: Ball
1-0: Called Strike
1-1: Foul Ball, location: 2F
1-2: Ball
2-2: Ball
3-2: Base on Balls
Brad Miller to third
Paul DeJong to second
Batting: SHB Tommy Edman 0-0: Fielders Choice at 2nd, 6-4 (Groundball, 6, EV 88.8 MPH)
Top of the 1st over - 1 run, 3 hits, 0 errors, 3 left on base; St. Louis 1 - New York 0
BOTTOM OF THE 1ST
New York Mets batting - Pitching for St. Louis Cardinals : RHP Miles Mikolas
Pitching: RHP Miles Mikolas
Batting: RHB Amed Rosario 0-0: Ground out 6-3 (Groundball, 6, EV 79.4 MPH)
Batting: LHB Brandon Nimmo 0-0: Foul Ball, location: 2F
0-1: Ball
1-1: Ball
2-1: Foul Ball, location: 2F
2-2: Ball
3-2: Fly out, F8 (Flyball, 8RM, EV 77.5 MPH)
Batting: LHB Michael Conforto 0-0: Foul Ball, location: 2F
0-1: Ball
1-1: Swinging Strike
1-2: Foul Ball, location: 2F
1-2: Strikes out swinging
Bottom of the 1st over - 0 runs, 0 hits, 0 errors, 0 left on base; St. Louis 1 - New York 0
TOP OF THE 2ND
St. Louis Cardinals batting - Pitching for New York Mets : RHP Marcus Stroman
Batting: RHB Yadier Molina 0-0: Swinging Strike
0-1: Foul Ball, location: 2F
0-2: Ground out 6-3 (Groundball, 6, EV 83.8 MPH)
Batting: RHB Miles Mikolas 0-0: Called Strike
0-1: Ball
1-1: Foul Ball, location: 2F
1-2: Foul Ball, location: 2F
1-2: Ball
2-2: Ball
3-2: Strikes out swinging
Batting: LHB Kolten Wong 0-0: Foul Ball, location: 2F
0-1: Foul Ball, location: 2F
0-2: Ball
1-2: Ball
2-2: Strikes out swinging
Top of the 2nd over - 0 runs, 0 hits, 0 errors, 0 left on base; St. Louis 1 - New York 0
BOTTOM OF THE 2ND
New York Mets batting - Pitching for St. Louis Cardinals : RHP Miles Mikolas
Batting: RHB Pete Alonso 0-0: Fly out, F8 (Flyball, 8RD, EV 92.5 MPH)
Batting: LHB Jeff McNeil 0-0: Ground out 4-3 (Groundball, 4, EV 85.6 MPH)
Batting: RHB Wilson Ramos 0-0: Called Strike
0-1: Swinging Strike
0-2: Ball
1-2: Foul Ball, location: 2F
1-2: Fly out, F8 (Flyball, 8RD, EV 105.6 MPH)
Bottom of the 2nd over - 0 runs, 0 hits, 0 errors, 0 left on base; St. Louis 1 - New York 0
TOP OF THE 3RD
St. Louis Cardinals batting - Pitching for New York Mets : RHP Marcus Stroman
Batting: LHB Matt Carpenter 0-0: Ball
1-0: Foul Ball, location: 2F
1-1: Bunt for hit to 2R - play at first, batter safe!
Batting: RHB Paul Goldschmidt 0-0: Called Strike
0-1: Ball
1-1: Swinging Strike
1-2: Strikes out swinging
Batting: LHB Brad Miller 0-0: Ball
1-0: Ball
2-0: Called Strike
2-1: Ball
3-1: Foul Ball, location: 2F
3-2: Foul Ball, location: 2F
3-2: Base on Balls
Matt Carpenter to second
Batting: RHB Paul DeJong 0-0: Foul Ball, location: 2F
0-1: Fly out, F8 (Flyball, 78D, EV 89.4 MPH)
Batting: RHB Harrison Bader 0-0: Ball
1-0: Foul Ball, location: 2F
1-1: Ball
2-1: Foul Ball, location: 2F
2-2: Strikes out swinging
Top of the 3rd over - 0 runs, 1 hit, 0 errors, 2 left on base; St. Louis 1 - New York 0
BOTTOM OF THE 3RD
New York Mets batting - Pitching for St. Louis Cardinals : RHP Miles Mikolas
Batting: LHB Luis Guillorme 0-0: Called Strike
0-1: Ground out 4-3 (Groundball, 34D, EV 105.6 MPH)
Batting: RHB Jake Marisnick 0-0: Ball
1-0: Foul Ball, location: 2F
1-1: DOUBLE (Groundball, 5L, EV 101.9 MPH)
Batting: RHB Marcus Stroman 0-0: Ball
1-0: Ball
2-0: Foul Ball, location: 2F
2-1: Swinging Strike
2-2: Fly out, F8 (Flyball, 89M, EV 81.3 MPH)
Batting: RHB Amed Rosario 0-0: Fly out, F9 (Flyball, 9, EV 76.3 MPH)
Bottom of the 3rd over - 0 runs, 1 hit, 0 errors, 1 left on base; St. Louis 1 - New York 0
TOP OF THE 4TH
St. Louis Cardinals batting - Pitching for New York Mets : RHP Marcus Stroman
Batting: SHB Tommy Edman 0-0: Foul Ball, location: 2F
0-1: SINGLE (Line Drive, 4D, EV 98.1 MPH)
Batting: RHB Yadier Molina 0-0: Called Strike
Tommy Edman is caught stealing 2nd base 2-4
0-1: Ball
1-1: Called Strike
1-2: Strikes out swinging
Batting: RHB Miles Mikolas 0-0: Ground out 1-3 (Groundball, 13, EV 65.6 MPH)
Top of the 4th over - 0 runs, 1 hit, 0 errors, 0 left on base; St. Louis 1 - New York 0
BOTTOM OF THE 4TH
New York Mets batting - Pitching for St. Louis Cardinals : RHP Miles Mikolas
Batting: LHB Brandon Nimmo 0-0: Ball
1-0: Called Strike
1-1: Fly out, F7 (Flyball, 7S, EV 85.6 MPH)
Batting: LHB Michael Conforto 0-0: Ball
1-0: Foul Ball, location: 2F
1-1: Called Strike
1-2: Strikes out swinging
Batting: RHB Pete Alonso 0-0: Ball
1-0: Foul Ball, location: 2F
1-1: Called Strike
1-2: Ball
2-2: Foul Ball, location: 2F
2-2: Fly out, F4 (Flyball, 34D, EV 91.9 MPH)
Bottom of the 4th over - 0 runs, 0 hits, 0 errors, 0 left on base; St. Louis 1 - New York 0
TOP OF THE 5TH
St. Louis Cardinals batting - Pitching for New York Mets : RHP Marcus Stroman
Batting: LHB Kolten Wong 0-0: Ball
1-0: Called Strike
1-1: Ground out U3 (Groundball, 13, EV 80.0 MPH)
Batting: LHB Matt Carpenter 0-0: Ball
1-0: Ball
2-0: Called Strike
2-1: Swinging Strike
2-2: Ball
3-2: SOLO HOME RUN (Flyball, 9D, EV 96.9 MPH), Distance : 415 ft
Batting: RHB Paul Goldschmidt 0-0: Ball
1-0: Ball
2-0: Fly out, F8 (Flyball, 8LXD, EV 95.6 MPH)
Batting: LHB Brad Miller 0-0: Ball
1-0: Fly out, F8 (Flyball, 8LXD, EV 78.8 MPH)
Top of the 5th over - 1 run, 1 hit, 0 errors, 0 left on base; St. Louis 2 - New York 0
BOTTOM OF THE 5TH
New York Mets batting - Pitching for St. Louis Cardinals : RHP Miles Mikolas
Batting: LHB Jeff McNeil 0-0: DOUBLE (Line Drive, 78M, EV 101.9 MPH)
Batting: RHB Wilson Ramos 0-0: Ball
1-0: Ball
2-0: Reached on error, E6 (Groundball, 56, EV 81.3 MPH)
Jeff McNeil to third
Batting: LHB Luis Guillorme 0-0: Ball
1-0: Grounds into double play, 6-4-3 (Groundball, 6, EV 80.0 MPH)
Jeff McNeil scores
Batting: RHB Jake Marisnick 0-0: Ball
1-0: Ball
2-0: Called Strike
2-1: Swinging Strike
2-2: Ball
3-2: Base on Balls
Batting: RHB Marcus Stroman 0-0: Swinging Strike
0-1: Called Strike
0-2: Ball
1-2: Strikes out swinging
Bottom of the 5th over - 1 run, 1 hit, 1 error, 1 left on base; St. Louis 2 - New York 1
TOP OF THE 6TH
St. Louis Cardinals batting - Pitching for New York Mets : RHP Marcus Stroman
Batting: RHB Paul DeJong 0-0: Ball
1-0: Ball
2-0: Foul Ball, location: 2F
2-1: Ball
3-1: Foul Ball, location: 2F
3-2: Foul Ball, location: 2F
3-2: Ground out 1-3 (Groundball, 25, EV 68.8 MPH)
Batting: RHB Harrison Bader 0-0: Ball
1-0: Ball
2-0: Called Strike
2-1: SINGLE (Line Drive, 6D, EV 99.4 MPH)
Batting: SHB Tommy Edman 0-0: Ground out 5-3 (Groundball, 56S, EV 73.1 MPH)
Harrison Bader to second
Batting: RHB Yadier Molina 0-0: Intentional Walk
Batting: RHB Miles Mikolas 0-0: Ball
1-0: DOUBLE (Flyball, 78XD, EV 108.1 MPH)
Harrison Bader scores
Yadier Molina to third
Batting: LHB Kolten Wong 0-0: Called Strike
0-1: Swinging Strike
0-2: Ball
1-2: SINGLE (Groundball, 4MD, EV 100.0 MPH)
Yadier Molina scores
Miles Mikolas to third
Runner from 3rd tries for Home, SAFE, throw by CF to home
Pitching: LHP Justin Wilson
Batting: LHB Matt Carpenter 0-0: Foul Ball, location: 2F
0-1: Ball
1-1: Foul Ball, location: 2F
1-2: Strikes out looking
Top of the 6th over - 3 runs, 3 hits, 0 errors, 1 left on base; St. Louis 5 - New York 1
BOTTOM OF THE 6TH
New York Mets batting - Pitching for St. Louis Cardinals : RHP Miles Mikolas
Batting: RHB Amed Rosario 0-0: Foul Ball, location: 2F
0-1: Ground out 5-3 (Groundball, 56, EV 83.8 MPH)
Batting: LHB Brandon Nimmo 0-0: Swinging Strike
0-1: Ball
1-1: Ball
2-1: Ball
3-1: Called Strike
3-2: Foul Ball, location: 2F
3-2: Foul Ball, location: 2F
3-2: Ground out 4-3 (Groundball, 4, EV 103.8 MPH)
Batting: LHB Michael Conforto 0-0: Ball
1-0: Swinging Strike
1-1: Ball
2-1: Foul Ball, location: 2F
2-2: Ball
3-2: DOUBLE (Flyball, 89XD, EV 112.5 MPH)
Batting: RHB Pete Alonso 0-0: Ball
1-0: Swinging Strike
1-1: Fly out, F8 (Flyball, 8LS, EV 95.6 MPH)
Bottom of the 6th over - 0 runs, 1 hit, 0 errors, 1 left on base; St. Louis 5 - New York 1
TOP OF THE 7TH
St. Louis Cardinals batting - Pitching for New York Mets : LHP Justin Wilson
Batting: RHB Paul Goldschmidt 0-0: Ball
1-0: Called Strike
1-1: Foul Ball, location: 2F
1-2: Strikes out swinging
Batting: LHB Brad Miller 0-0: Ball
1-0: Swinging Strike
1-1: Swinging Strike
1-2: Strikes out swinging
Batting: RHB Paul DeJong 0-0: Called Strike
0-1: Ball
1-1: Ball
2-1: Foul Ball, location: 2F
2-2: Ball
3-2: Base on Balls
Batting: RHB Harrison Bader 0-0: Called Strike
0-1: Ball
1-1: Ball
2-1: Swinging Strike
2-2: Foul Ball, location: 2F
2-2: Strikes out swinging
Top of the 7th over - 0 runs, 0 hits, 0 errors, 1 left on base; St. Louis 5 - New York 1
BOTTOM OF THE 7TH
New York Mets batting - Pitching for St. Louis Cardinals : RHP Miles Mikolas
Batting: LHB Jeff McNeil 0-0: Ball
1-0: Ball
2-0: Called Strike
2-1: Fly out, F8 (Line Drive, 8LM, EV 110.0 MPH)
Batting: RHB Wilson Ramos 0-0: Ball
1-0: Ball
2-0: Called Strike
2-1: Ground out 5-3 (Groundball, 56S, EV 67.5 MPH)
Batting: LHB Luis Guillorme 0-0: Called Strike
0-1: Called Strike
0-2: Ball
1-2: Ground out 6-3 (Groundball, 56, EV 89.4 MPH)
Bottom of the 7th over - 0 runs, 0 hits, 0 errors, 0 left on base; St. Louis 5 - New York 1
TOP OF THE 8TH
St. Louis Cardinals batting - Pitching for New York Mets : LHP Justin Wilson
Pitching: RHP Robert Gsellman
Batting: SHB Tommy Edman 0-0: Ball
1-0: Foul Ball, location: 2F
1-1: Ball
2-1: SINGLE (Line Drive, 8LS, EV 108.1 MPH)
Batting: RHB Yadier Molina 0-0: Ball
1-0: Foul Ball, location: 2F
1-1: Ball
2-1: Fly out, F7 (Line Drive, 7D, EV 86.3 MPH)
Batting: RHB Miles Mikolas 0-0: Called Strike
Tommy Edman steals 2nd base
0-1: Fly out, F4 (Line Drive, 4, EV 65.6 MPH)
Lined into DP, 4-6 (Line Drive, 4, EV 71.9 MPH)
Top of the 8th over - 0 runs, 1 hit, 0 errors, 0 left on base; St. Louis 5 - New York 1
BOTTOM OF THE 8TH
New York Mets batting - Pitching for St. Louis Cardinals : RHP Miles Mikolas
Batting: RHB Jake Marisnick 0-0: Swinging Strike
0-1: Ball
1-1: Called Strike
1-2: Ball
2-2: Ball
3-2: Foul Ball, location: 2F
3-2: Ground out 6-3 (Groundball, 6, EV 99.4 MPH)
Pinch Hitting: RHB J.D. Davis 0-0: Swinging Strike
0-1: Ball
1-1: Ball
2-1: Ball
3-1: Base on Balls
Pitching: RHP Ian Kennedy
Batting: RHB Amed Rosario 0-0: Foul Ball, location: 2F
0-1: Ball
Wild Pitch!
J.D. Davis to second
1-1: Foul Ball, location: 2F
1-2: Fly out, F8 (Line Drive, 8RM, EV 91.3 MPH)
Batting: LHB Brandon Nimmo 0-0: Called Strike
0-1: Foul Ball, location: 2F
0-2: Ball
1-2: Ball
2-2: Ball
3-2: Ground out 4-3 (Groundball, 4, EV 104.4 MPH)
Bottom of the 8th over - 0 runs, 0 hits, 0 errors, 1 left on base; St. Louis 5 - New York 1
TOP OF THE 9TH
St. Louis Cardinals batting - Pitching for New York Mets : RHP Robert Gsellman
Pitching: RHP Jeurys Familia
Batting: LHB Kolten Wong 0-0: Called Strike
0-1: Called Strike
0-2: Ball
1-2: Ball
2-2: Ground out U3 (Groundball, 3, EV 78.8 MPH)
Batting: LHB Matt Carpenter 0-0: Ball
1-0: Swinging Strike
1-1: Foul Ball, location: 2F
1-2: Foul Ball, location: 2F
1-2: Ground out 4-3 (Groundball, 4, EV 98.8 MPH)
Batting: RHB Paul Goldschmidt 0-0: Fly out, F9 (Flyball, 9LS, EV 87.5 MPH)
Top of the 9th over - 0 runs, 0 hits, 0 errors, 0 left on base; St. Louis 5 - New York 1
BOTTOM OF THE 9TH
New York Mets batting - Pitching for St. Louis Cardinals : RHP Ian Kennedy
Batting: LHB Michael Conforto 0-0: Called Strike
0-1: Called Strike
0-2: Strikes out swinging
Batting: RHB Pete Alonso 0-0: Called Strike
0-1: Foul Ball, location: 2F
0-2: Foul Ball, location: 2F
0-2: Fly out, F8 (Flyball, 8LD, EV 85.6 MPH)
Batting: LHB Jeff McNeil 0-0: SINGLE (Groundball, 6MD, EV 110.0 MPH)
Pitching: LHP Kwang-hyun Kim
Batting: RHB Wilson Ramos 0-0: Swinging Strike
0-1: 2-RUN HOME RUN (Flyball, 78XD, EV 108.8 MPH), Distance : 460 ft
Batting: LHB Luis Guillorme 0-0: Ball
1-0: Ball
2-0: Ball
3-0: Called Strike
3-1: Swinging Strike
3-2: Foul Ball, location: 2F
3-2: Foul Ball, location: 2F
3-2: Fly out, F7 (Flyball, 78D, EV 103.1 MPH)
Bottom of the 9th over - 2 runs, 2 hits, 0 errors, 0 left on base; St. Louis 5 - New York 3
Tuesday, June 16th, 2020 - OOTP Baseball 21.3 Build 54